 Dungeon Crawl Stone Soup version 0.25-a0-578-gc91f01c39c (webtiles) character file.

Game seed: 1515169934158874961, levelgen mode: deterministic

206 ipx the Chopper (level 5, -1/45 HPs)
             Began as a Hill Orc Fighter on Mar 4, 2020.
             Slain by a gnoll
             ... wielding a +0 spear
              (5 damage)
             ... on level 3 of the Dungeon.
             The game lasted 00:11:15 (749 turns).

ipx the Chopper (Hill Orc Fighter)                   Turns: 749, Time: 00:11:15

Health: -1/45      AC: 14    Str: 23    XL:     5   Next: 84%
Magic:  5/5        EV:  5    Int:  8    God:
Gold:   69         SH:  9    Dex: 10    Spells: 4/4 levels left

rFire    . . .     SeeInvis .   a - +0 war axe
rCold    . . .     Gourm    .   c - +0 kite shield
rNeg     . . .     Faith    .   m - +0 chain mail
rPois    .         Spirit   .   k - +0 helmet
rElec    .         Reflect  .   e - +1 cloak
rCorr    .         Harm     .   g - +1 pair of gloves
MR       .....                  (no boots)
Stlth    ..........             (no amulet)
HPRegen  0.15/turn              S - +3 ring of strength
MPRegen  0.09/turn              (no ring)

@: mighty, stab
A: no striking features
a: no special abilities


You were on level 3 of the Dungeon.
You were not hungry.

You visited 1 branch of the dungeon, and saw 4 of its levels.

You collected 69 gold pieces.

Inventory:

Hand Weapons
 a - a +0 war axe (weapon)
 b - a +0 hunting sling
Missiles
 i - 25 stones (quivered)
 n - 6 boomerangs
Armour
 c - a +0 kite shield (worn)
 e - a +1 cloak (worn)
 g - a +1 pair of gloves (worn)
 k - a +0 helmet (worn)
 m - a +0 chain mail (worn)
Jewellery
 S - a +3 ring of strength (left hand)
Potions
 d - a potion of might
Comestibles
 f - 2 rations


   Skills:
 - Level 3.6 Fighting
 + Level 7.8 Axes
 - Level 3.2 Armour
 - Level 3.2 Shields


You had 4 spell levels left.
You didn't know any spells.
Your spell library was empty.

Dungeon Overview and Level Annotations

Branches:
Dungeon (4/15)
 Temple: D:4-7

Altars:
Nemelex Xobeh
Vehumet

Annotations:
D:2 Sigmund


Message History

The gnoll is severely wounded.
The gnoll hits you but does no damage. The gnoll hits you with a +0 flail.
* * * LOW HITPOINT WARNING * * *
The gnoll hits you from afar with a +0 spear.
* * * LOW HITPOINT WARNING * * *
It was a potion of stabbing.
You feel ready to backstab. You block the gnoll's attack.
You kill the gnoll!
As you read the scroll labeled POLORO FIPAO, it crumbles to dust.
You hear a loud clanging noise!
It was a scroll of noise.
You block the quokka's attack.
You feel very mighty all of a sudden. You block the quokka's attack.
The gnoll hits you but does no damage.
You closely miss the quokka.
The quokka bites you but does no damage.
You block the gnoll's attack.
You closely miss the quokka. The quokka closely misses you.
The gnoll hits you from afar with a +0 spear.
You die...

..
...................[.#
.
..........[........(.#
.....................#
###########(........#
#.........# ##
##.######## .. #.#
#.#########.#
#..).)gr@...#
#..########## #.. #..
#.g #.g .g. ##.


You could see a gnoll and a quokka.

Vanquished Creatures
  An orc priest (D:3)
  A gnoll shaman (D:3)
  Jessica (D:3)
  Robin (D:2)
  2 gnolls (D:3)
  2 adders (D:3)
  2 worms
  A dart slug (D:3)
  A leopard gecko (D:2)
  13 orcs
  A bat (D:2)
  A giant cockroach (D:1)
  14 goblins
  3 hobgoblins
  A quokka (D:3)
  3 frilled lizards
  5 kobolds
  2 rats (D:3)
55 creatures vanquished.

Notes
Turn   | Place    | Note
-------+----------+-------------------------------------------
     0 | D:1      | ipx the Hill Orc Fighter began the quest for the Orb.
     0 | D:1      | Reached XP level 1. HP: 19/19 MP: 1/1
    84 | D:1      | Reached skill level 3 in Axes
   103 | D:1      | Reached XP level 2. HP: 15/26 MP: 2/2
   189 | D:2      | Reached skill level 4 in Axes
   239 | D:2      | Found a radiant altar of Vehumet.
   239 | D:2      | Found a sparkling altar of Nemelex Xobeh.
   271 | D:2      | Noticed Sigmund
   278 | D:2      | Noticed Robin
   294 | D:2      | Killed Robin
   294 | D:2      | Reached XP level 3. HP: 24/31 MP: 3/3
   300 | D:2      | Reached skill level 5 in Axes
   409 | D:3      | Reached XP level 4. HP: 38/39 MP: 4/4
   430 | D:3      | Noticed Jessica
   453 | D:3      | Killed Jessica
   453 | D:3      | Reached skill level 6 in Axes
   652 | D:3      | Reached skill level 7 in Axes
   652 | D:3      | Reached XP level 5. HP: 42/45 MP: 5/5
   749 | D:3      | Slain by a gnoll

Levels and vault maps discovered:
D:1:      lemuel_arrival_lava_pool, layout_loops_cross
D:2:      layout_basic, chequers_temple_overflow_statue_of_worship,
          minmay_misc_feat_x, lexackson_kobold_supper, uniq_sigmund, uniq_robin
D:3:      layout_basic, corexii_hall_statues_s, minmay_misc_feat_ornament,
          grunt_ministairs_4, kennysheep_potato, uniq_jessica
D:4:      layout_basic, overflow_temple_1_default, serial_undead,
          serial_undead_c, serial_undead_c, serial_undead_e, serial_undead_a

Skill      XL: |  1  2  3  4 |
---------------+-------------+-----
Axes           | 3 4 5 7 |  7.8
Fighting       | |  3.6
Armour         | |  3.2
Shields        | |  3.2

Action                   |  1- 3 |  4- 6 || total
-------------------------+-------+-------++-------
Melee: War axe           |    56 |    76 ||   132
 Fire: Hunting sling     |    11 |       ||    11
Throw: Dart              |       |     2 ||     2
  Use: Scroll            |     1 |     1 ||     2
       Potion            |       |     3 ||     3
Armor: Scale mail        |    18 |    13 ||    31
       Chain mail        |       |    27 ||    27
       Skin              |       |     1 ||     1
Dodge: Dodged            |    16 |    24 ||    40
Block: Kite shield       |    25 |    43 ||    68

Table legend:
 A = Non-vault XP
 B = Vault XP
 C = Vault XP percentage of total XP
 D = Non-vault monster count
 E = Vault monster count
 F = Vault count percentage of total count
                 A         B        C        D         E       F
            +---------+---------+-------+---------+---------+-------
      Total |     222 |      73 |  24.7 |      42 |      13 |  23.6
            +---------+---------+-------+---------+---------+-------
        D:1 |      11 |       0 |   0.0 |       6 |       0 |   0.0
        D:2 |      17 |      36 |  67.9 |       7 |      12 |  63.2
        D:3 |     179 |      37 |  17.1 |      24 |       1 |   4.0
        D:4 |      15 |       0 |   0.0 |       5 |       0 |   0.0
            +---------+---------+-------+---------+---------+-------
